 Dungeon Crawl Stone Soup version 0.18-a0-1078-gebb93d0 (webtiles) character file.

28 M4edhros the Charlatan (level 3, 0/23 HPs)
             Began as an Octopode Artificer on Jan 14, 2016.
             Slain by a scorpion (7 damage)
             ... on level 4 of the Dungeon.
             The game lasted 00:01:03 (1030 turns).

M4edhros the Charlatan (Octopode Artificer)         Turns: 1030, Time: 00:01:03

Health: 0/23       AC:  1    Str: 10    XL:     3   Next: 14%
Magic:  5/5        EV: 13    Int: 15    God:
Gold:   53         SH:  0    Dex: 12    Spells: 0 memorised, 2 levels left

rFire  . . .     SeeInvis .     y - +0 dagger (speed)
rCold  . . .     Gourm    .     (no shield)
rNeg   . . .     Faith    .     (helmet restricted)
rPois  .         Spirit   .     (no amulet)
rElec  .         Dismiss  .     t - ring of wizardry
rCorr  .         Reflect  .     (no ring)
SustAt .         Harm     .     (no ring)
MR     .....                    (no ring)
Stlth  +++.......               (no ring)
                                (no ring)
                                (no ring)
                                (no ring)

@: lethally poisoned (0 -> -11), not resistant to hostile enchantments, fairly
stealthy
A: almost no armour, amphibious, 8 rings, constrict 8, camouflage 1, gelatinous
body 1
a: no special abilities


You were on level 4 of the Dungeon.
You were not hungry.

You visited 1 branch of the dungeon, and saw 4 of its levels.

You collected 53 gold pieces.

Inventory:

Hand Weapons
 a - a +0 short sword
 y - a +0 dagger of speed (weapon)
Missiles
 g - 13 stones (quivered)
 o - 22 sling bullets
Jewellery
 t - a ring of wizardry (left tentacle)
Wands
 b - a wand of flame (14/48)
 c - a wand of enslavement (15/24)
 d - a wand of random effects (15/48)
Scrolls
 e - a scroll of noise {unknown}
 n - a scroll of enchant armour {unknown}
 p - 5 scrolls of identify {unknown}
 s - a scroll of fear {unknown}
 x - a scroll of fog {unknown}
Potions
 j - a potion of magic {unknown}
 l - a potion of invisibility {unknown}
 q - a potion of resistance {unknown}
 r - 2 potions of agility {unknown}
 v - 2 potions of heal wounds {unknown}
 w - a potion of flight {unknown}
Comestibles
 f - a bread ration
 h - 3 beef jerkies
 i - 2 meat rations
 k - a royal jelly
 m - 4 fruits
 u - a slice of pizza


   Skills:
 - Level 1.0 Fighting
 - Level 1.0 Short Blades
 * Level 2.8 Dodging
 * Level 2.9 Stealth
 + Level 3.4 Evocations


You had 2 spell levels left.
You didn't know any spells.

Dungeon Overview and Level Annotations

Branches:
Dungeon (4/15)
 Temple: D:4-7

Altars:


Innate Abilities, Weirdness & Mutations

You cannot wear most types of armour.
You are amphibious.
You can wear up to eight rings at the same time.
You can use your tentacles to constrict eight enemies at once.
Your skin changes colour to match your surroundings (Stealth).
Your rubbery body absorbs attacks (AC +1).


Message History

You constrict the scorpion.
You feel sick.
You hit the scorpion but do no damage.
The scorpion is heavily wounded.
You constrict the scorpion.
You feel sick. The scorpion completely misses you.
You barely miss the scorpion.
The scorpion is heavily wounded.
You constrict the scorpion, but do no damage.
The scorpion stings you.
Drink which item? (? for menu, Esc to quit)
Okay, then.
Evoke which item? (* to show all) (? for menu, Esc to quit)
Zapping:
b - a wand of flame (15/48)
Press: ? - help, Shift-Dir - straight line, f - scorpion
Aim: a scorpion (heavily wounded, constricted by you)
The puff of flame hits the scorpion.
The scorpion is severely wounded.
This wand has 14 charges left.
You constrict the scorpion, but do no damage.
You feel sick. The scorpion stings you!
You die...

#.......#
#..<....#
#[......#
.###.....##
...#.....#
.#.#.###.#
#...###.####
#..........#
#.#..@...>.#
#.#.s......#
#........#
#........#
#.....%..#
#####.#..#
......
......


You could see a scorpion.

Vanquished Creatures
  An adder skeleton (D:3)
  A giant gecko (D:1)
  2 bats
  4 giant cockroaches
  4 goblins
  4 hobgoblins
  A kobold (D:1)
  5 rats
22 creatures vanquished.

Notes
Turn   | Place    | Note
--------------------------------------------------------------
     0 | D:1      | M4edhros the Octopode Artificer began the quest for the Orb.
     0 | D:1      | Reached XP level 1. HP: 13/13 MP: 3/3
   120 | D:1      | Reached XP level 2. HP: 15/18 MP: 4/4
   939 | D:3      | Reached XP level 3. HP: 19/23 MP: 5/5
  1005 | D:4      | Noticed a scorpion
  1030 | D:4      | Slain by a scorpion

Vault maps used:
D:1:      minmay_arrival_four_houses
D:2:      old_standard_altar
D:3:      serial_corexii_hall, corexii_hall_statues_deadend,
          corexii_hall_statues_l, corexii_hall_statues_l, uniq_natasha
D:4:      enter_ossuary_2, first_bread, serial_shops, kennysheep_mini_moat,
          nemelex_spade_bored_becter

Action                   || total
-------------------------++-------
Melee: Short sword       ||    40
       Dagger            ||     8
Evoke: Wand              ||     1
 Stab: Sleeping          ||    11
